 Dungeon Crawl Stone Soup version 0.22.2-1-ge965b3a (webtiles) character file.

3127 smallpebble the Cleaver (level 9, -7/82 HPs)
             Began as a Hill Orc Fighter on Apr 9, 2019.
             Was an Elder of Okawaru.
             Killed from afar by a steam dragon (22 damage)
             ... with a ball of steam
             ... on level 8 of the Dungeon.
             The game lasted 00:45:18 (7990 turns).

smallpebble the Cleaver (Hill Orc Fighter)          Turns: 7990, Time: 00:45:24

Health: -7/82      AC: 17    Str: 22    XL:     9   Next: 92%
Magic:  9/9        EV:  8    Int:  8    God:    Okawaru [****..]
Gold:   374        SH:  0    Dex: 22    Spells: 8/8 levels left

rFire    . . .     SeeInvis .   R - +0 dire flail (protect)
rCold    + . .     Gourm    .   (shield currently unavailable)
rNeg     . . .     Faith    +   U - +0 plate armour
rPois    .         Spirit   .   m - +0 helmet
rElec    .         Reflect  .   D - +0 cloak
rCorr    .         Harm     .   h - +0 pair of gloves
MR       .....                  (no boots)
Stlth    ..........             K - amulet "Fylan" {Faith +Fly rC+ Dex+4}
HPRegen  0.23/turn              g - +4 ring of dexterity
MPRegen  0.11/turn              I - +4 ring of dexterity

@: lethally poisoned (-7 -> -8), slowed, very slow
A: no striking features
a: Heroism, Renounce Religion, Evoke Flight


You were on level 8 of the Dungeon.
You worshipped Okawaru.
Okawaru was greatly pleased with you.
You were not hungry.

You visited 2 branches of the dungeon, and saw 9 of its levels.

You collected 374 gold pieces.

Inventory:

Hand Weapons
 a - a +1 war axe of chaos
 F - a +0 hand axe
 G - a +0 hand axe
 H - a +0 hand axe
 P - a +0 war axe
 R - a +0 dire flail of protection (weapon)
 T - a +0 war axe
Missiles
 B - 5 poisoned tomahawks (quivered)
Armour
 b - a +1 scale mail
 c - a +0 shield
 h - a +0 pair of gloves (worn)
 m - a +0 helmet (worn)
 n - a +0 ring mail
 r - a +0 leather armour
 s - a +0 scale mail
 C - a +0 chain mail
 D - a +0 cloak (worn)
 M - a +0 buckler
 Q - a +0 chain mail
 U - a +0 plate armour (worn)
Magical Staves
 S - an uncursed staff of cold {unknown}
Jewellery
 g - a +4 ring of dexterity (left hand)
 i - an uncursed ring of protection from fire
 j - an uncursed ring of teleportation
 E - the ring "Ekaxism" {Int+4 SInv Stlth-}
   (You found it on level 4 of the Dungeon)

   [ring of attention]

   It affects your intelligence (+4).
   It lets you see invisible.
   It makes you less stealthy.
 I - a +4 ring of dexterity (right hand)
 K - the amulet "Fylan" (around neck) {Faith +Fly rC+ Dex+4}
   (You found it on level 5 of the Dungeon)

   [amulet of faith]

   It allows you to gain divine favour quickly.
   It affects your dexterity (+4).
   It protects you from cold.
   It lets you fly.
 N - an uncursed amulet of rage
Wands
 p - a wand of random effects (23)
Scrolls
 k - a scroll of identify
 l - 4 scrolls of amnesia
 u - 4 scrolls of magic mapping
 v - 3 scrolls of remove curse
 y - a scroll of enchant weapon
 A - a scroll of enchant armour
 J - 2 scrolls of teleportation
 O - a scroll of fear
Potions
 d - a potion of might
 e - 8 potions of curing
 o - 3 potions of brilliance
 q - a potion of invisibility {unknown}
 t - a potion of agility {unknown}
 w - a potion of haste
 x - 2 potions of heal wounds {unknown}
 z - a potion of mutation {unknown}
 L - a potion of magic {unknown}
Comestibles
 f - 12 rations


   Skills:
 - Level 8.3 Fighting
 - Level 8.8(9.0) Axes
 + Level 1.8(5.0) Maces & Flails
 - Level 7.5 Armour
 - Level 3.0 Dodging
 - Level 0.3 Stealth
 - Level 7.9 Shields


You had 8 spell levels left.
You didn't know any spells.
Your spell library contained the following spells:

 Spells                   Type           Power        Failure   Level  Hunger
 Beastly Appendage        Tmut           #.....       100%        1    ##.....
 Summon Butterflies       Summ           #.......     100%        1    ##.....
 Sticks to Snakes         Tmut           #.......     100%        2    ###....
 Call Canine Familiar     Summ           #.......     100%        3    ####...
 Spider Form              Tmut/Pois      #.........   100%        3    ####...
 Ice Form                 Ice/Tmut       #.......     100%        4    #####..
 Summon Ice Beast         Ice/Summ       #.......     100%        4    #####..
 Blade Hands              Tmut           #.........   100%        5    ######.
 Summon Mana Viper        Hex/Summ       #.......     100%        5    ######.
 Summon Hydra             Summ           #.........   100%        7    #######


Dungeon Overview and Level Annotations

Branches:
Dungeon (8/15)             Temple (1/1) D:4
   Lair: D:8-11

Altars:
Ashenzari
Cheibriados
Dithmenos
Fedhas
Gozag
Hepliaklqana
Kikubaaqudgha
Makhleb
Nemelex Xobeh
Okawaru
Qazlal
Ru
Sif Muna
Trog
Uskayaw
Wu Jian
Xom
Yredelemnul
Zin
The Shining One

Annotations:
D:5 exclusion: oklob plant
D:8 Erica


Message History

Erica burns you.
You feel sick. Erica hits you but does no damage.
You feel less confused.
You feel sick.
Erica points at you and mumbles some strange words.
The orb of energy hits you!
* * * LOW HITPOINT WARNING * * *
The orb of energy explodes!
As you read the scroll of teleportation, it crumbles to dust.
You feel strangely unstable.
You feel sick. Erica casts a spell at you. You resist with significant effort.
Erica says, "Fast and perfect.
Such is my way of killing."
Your surroundings suddenly seem different.
You feel sick.
A steam dragon comes into view.
The steam dragon hisses angrily.
The steam dragon breathes steam at you. The ball of steam hits you!
You die...

......_..# .....#.#.##
..........## ... #######.#..##
.... #.##..### ....... #.......##
....... ### #####....## #.......
..##### ###...###.[.(....
......#######.ยงยง@.......... ..
.....(.(...D).#....##...... .
........##########......... .#
........#### #####....### .##
............###......#.# ..#
..............#.######.#### #.#
############..............#####.#
#....#######.......@.# #..#..###
#.##.###...


There were no monsters in sight!

Vanquished Creatures
  Pikel (D:7)
  An oklob plant (D:7)
  Grinder (D:6)
  Sigmund (D:6)
  A water moccasin (D:6)
  2 orc warriors (D:8)
  A slave (D:7)
  A black bear (D:8)
  A centaur (D:6)
  A boggart (D:7)
  A big kobold (D:7)
  A bullfrog (D:6)
  2 bullfrog zombies
  A quasit (D:7)
  3 orc priests
  4 hounds
  Crazy Yiuf (D:3)
  A centaur skeleton (D:4)
  10 jellies
  6 orc wizards
  2 iguanas
  4 worker ants
  Robin (D:2)
  4 gnolls
  6 adders
  2 shadow imps
  15 oozes
  An adder zombie (D:5)
  A worm (D:3)
  3 dart slugs
  3 leopard geckos
  24 orcs
  A giant cockroach (D:2)
  6 goblins
  12 hobgoblins
  13 jackals
  3 ball pythons
  7 bats
  4 frilled lizards
  A jackal skeleton (D:6)
  9 kobolds
  A leopard gecko zombie (D:6)
  A quokka skeleton (D:5)
  12 rats
  4 fungi (D:7)
181 creatures vanquished.

Vanquished Creatures (others)
  An orc (D:7)
  2 fungi (D:7)
  16 toadstools (D:5)
19 creatures vanquished.

Grand Total: 200 creatures vanquished

Notes
Turn   | Place    | Note
-------+----------+-------------------------------------------
     0 | D:1      | smallpebble the Hill Orc Fighter began the quest for the
                  | Orb.
     0 | D:1      | Reached XP level 1. HP: 19/19 MP: 1/1
    68 | D:1      | Reached XP level 2. HP: 24/27 MP: 2/2
   794 | D:2      | Reached XP level 3. HP: 33/33 MP: 3/3
   978 | D:2      | Noticed Robin
  1011 | D:2      | Reached XP level 4. HP: 26/40 MP: 4/4
  1320 | D:2      | Killed Robin
  1330 | D:2      | Reached XP level 5. HP: 27/46 MP: 5/5
  1800 | D:2      | Found a bloodstained altar of Trog.
  2301 | D:3      | Found a sparkling altar of Nemelex Xobeh.
  2436 | D:3      | Found a runed door.
  2832 | D:3      | Reached skill level 1 in Dodging
  3102 | D:3      | Noticed Crazy Yiuf
  3109 | D:3      | Paralysed by Crazy Yiuf for 6 turns
  3118 | D:3      | Killed Crazy Yiuf
  3336 | D:4      | Reached XP level 6. HP: 52/53 MP: 6/6
  3375 | D:4      | Got a pitted copper ring
  3398 | D:4      | Identified the ring "Ekaxism" {Int+4 SInv Stlth-} (You
                  | found it on level 4 of the Dungeon)
  3516 | D:4      | Found a staircase to the Ecumenical Temple.
  3826 | Temple   | Entered the Ecumenical Temple
  4029 | Temple   | Became a worshipper of Warmaster Okawaru
  4163 | D:5      | Entered Level 5 of the Dungeon
  4171 | D:5      | Got a crude emerald amulet
  4172 | D:5      | Identified the amulet "Fylan" {Faith +Fly rC+ Dex+4} (You
                  | found it on level 5 of the Dungeon)
  4309 | D:5      | Found an ornate altar of the Wu Jian Council.
  4640 | D:5      | Reached XP level 7. HP: 53/60 MP: 7/7
  4722 | D:5      | Found a blossoming altar of Fedhas.
  4745 | D:5      | Noticed an oklob plant
  4988 | D:6      | Noticed Grinder
  4989 | D:6      | Paralysed by Grinder for 7 turns
  5011 | D:6      | Killed Grinder
  5011 | D:6      | Reached skill level 5 in Fighting
  5011 | D:6      | Reached skill level 5 in Axes
  5011 | D:6      | Reached skill level 5 in Shields
  5198 | D:6      | Noticed Sigmund
  5205 | D:6      | Killed Sigmund
  5205 | D:6      | Reached * piety under Okawaru
  5205 | D:6      | Reached skill level 5 in Armour
  5320 | D:6      | Reached XP level 8. HP: 43/70 MP: 8/8
  6216 | D:7      | Reached ** piety under Okawaru
  6284 | D:7      | Identified a scroll of acquirement
  6313 | D:7      | Found an opulent altar of Gozag.
  6323 | D:7      | Found a basalt altar of Yredelemnul.
  6324 | D:7      | Found a snail-covered altar of Cheibriados.
  6359 | D:7      | Found a hide-covered altar of Uskayaw.
  6364 | D:7      | Noticed Pikel
  6392 | D:7      | Killed Pikel
  6392 | D:7      | Reached XP level 9. HP: 77/79 MP: 9/9
  7010 | D:7      | Noticed an oklob plant
  7028 | D:7      | Reached *** piety under Okawaru
  7215 | D:7      | Killed an oklob plant
  7634 | D:8      | Reached **** piety under Okawaru
  7906 | D:8      | Reached skill level 1 in Maces & Flails
  7916 | D:8      | Found an ancient bone altar of Kikubaaqudgha.
  7938 | D:8      | Noticed Erica
  7990 | D:8      | Killed from afar by a steam dragon

Skill      XL: |  1  2  3  4  5  6  7  8  9 |
---------------+----------------------------+-----
Axes           | 3 4 5 7 8 |  8.8
Armour         | 4 5 6 7 |  7.5
Shields        | 4 5 6 7 |  7.9
Fighting       | 4 5 7 8 |  8.3
Dodging        | 1 3 |  3.0
Maces & Flails | 1 |  1.8
Stealth        | |  0.3

Action                   |  1- 3 |  4- 6 |  7- 9 || total
-------------------------+-------+-------+-------++-------
Melee: War axe           |    85 |   198 |   259 ||   542
       Dire flail        |       |       |    20 ||    20
Evoke: Wand              |       |     2 |       ||     2
  Use: Scroll            |     5 |     7 |    15 ||    27
 Stab: Confused          |       |       |     1 ||     1
  Eat: Ration            |       |     3 |     4 ||     7
       Chunk             |       |     1 |       ||     1
Armor: Scale mail        |    51 |    73 |    78 ||   202
       Plate armour      |       |       |    11 ||    11
Dodge: Dodged            |    30 |    59 |    89 ||   178
Block: Shield            |    62 |   119 |   150 ||   331
